 Dungeon Crawl Stone Soup version 0.18-a0-1797-gc18daef (webtiles) character file.

81 wvc the Skirmisher (level 4, -5/38 HPs)
             Began as a Human Monk on Apr 22, 2016.
             Slain by an orc
             ... wielding a +1 spear of chaos
              (16 damage)
             ... on level 2 of the Dungeon.
             The game lasted 00:03:33 (1833 turns).

wvc the Skirmisher (Human Monk)                     Turns: 1833, Time: 00:03:34

Health: -5/38      AC:  7    Str: 12    XL:     4   Next: 68%
Magic:  4/4        EV: 18    Int: 10    God:
Gold:   111        SH:  0    Dex: 21    Spells: 0 memorised, 3 levels left

rFire  . . .     SeeInvis .       - Unarmed
rCold  . . .     Gourm    .     t - +0 ring mail
rNeg   + . .     Faith    .     (no shield)
rPois  +         Spirit   .     (no helmet)
rElec  .         Dismiss  .     (no cloak)
rCorr  .         Reflect  .     (no gloves)
SustAt .         Harm     .     h - +1 pair of boots
MR     .....                    (no amulet)
Stlth  +++.......               l - ring of positive energy
                                c - ring of poison resistance

@: agile, about to teleport, not resistant to hostile enchantments, fairly
stealthy
A: no striking features
a: no special abilities


You were on level 2 of the Dungeon.
You were not hungry.

You visited 1 branch of the dungeon, and saw 2 of its levels.

You collected 111 gold pieces.

Inventory:

Hand Weapons
 s - a +0 club of chaos
Armour
 a - a +2 robe of magic resistance
 h - a +1 pair of boots (worn)
 t - a +0 ring mail (worn)
Jewellery
 c - a ring of poison resistance (left hand)
 l - a ring of positive energy (right hand)
Scrolls
 d - a scroll of recharging
 n - a scroll of magic mapping
Potions
 e - a potion of agility
 i - a potion of lignification {unknown}
 k - a potion of berserk rage {unknown}
 o - a potion of curing {unknown}
 p - a potion of cancellation {unknown}
 q - a potion of heal wounds {unknown}
Comestibles
 b - 3 bread rations
 f - 4 fruits
 j - a royal jelly
 m - a slice of pizza


   Skills:
 + Level 4.4 Fighting
 + Level 0.4 Armour
 + Level 3.8 Dodging
 - Level 2.0 Stealth
 - Level 4.0 Unarmed Combat


You had 3 spell levels left.
You didn't know any spells.

Dungeon Overview and Level Annotations

Branches:
Dungeon (2/15)

Altars:
Pakellas

Annotations:
D:2 Robin


Message History

The goblin hits you but does no damage.
Robin roars a battlecry!
The goblin goes into a battle-frenzy!
The orc hits you but does no damage.
You feel strangely unstable. The goblin barely misses you.
Read which item? (? for menu, Esc to quit)
As you read the scroll labeled QEINOI KOET, it crumbles to dust.
It is a scroll of identify.
Identify which item? (\ to view known items) (? for menu, Esc to quit)
e - 2 potions of agility The goblin no longer looks unusually strong.
The goblin barely misses you. The orc hits you but does no damage.
The goblin barely misses you.
Drink which item? (? for menu, Esc to quit)
You feel agile all of a sudden. The goblin misses you.
The orc hits you from afar with a spear of chaos.
* * * LOW HITPOINT WARNING * * *
You are electrocuted!
You die...

###.##.## ##.......##..#,*,⌠**,*
..).....####.........#.#≈#,≈,**,,
........)).'.........).#≈#,**≈**,
#####...####.........###≈o**,,,,,
######..#####.......## *.≈g≈≈,,≈⌠
#.........# ##..g).## *≈##g≈,,,,
........#.# ##ogg## *#o≈..,,,,
#.#####.#.# ##g## **#.##.,,* #.#
#...#.# #@# *,****_,** #.#
#.###.# ####g##### *,*******
#.###.###.# #........# *,*
#.........# #.#...##.# *,*
#####.##### #......#,* *,* #.#
#.#...##,***,*
#.#######.##.....,,,,*
#............###.*****
#########.####**,#


You could see Robin, an orc and 4 goblins.

Vanquished Creatures
  2 adders (D:2)
  An ooze (D:1)
  2 worms (D:2)
  2 dart slugs (D:1)
  5 giant geckos
  3 orcs (D:2)
  2 giant cockroaches (D:2)
  4 hobgoblins
  5 bats
  A giant newt (D:2)
  6 goblins
  7 kobolds
  2 rats (D:2)
42 creatures vanquished.

Notes
Turn   | Place    | Note
--------------------------------------------------------------
     0 | D:1      | wvc the Human Monk began the quest for the Orb.
     0 | D:1      | Reached XP level 1. HP: 18/18 MP: 1/1
   276 | D:1      | Reached XP level 2. HP: 24/24 MP: 2/2
   579 | D:1      | Reached XP level 3. HP: 29/29 MP: 3/3
  1111 | D:2      | Found an oddly glowing altar of Pakellas.
  1300 | D:2      | Reached XP level 4. HP: 37/37 MP: 4/4
  1794 | D:2      | Noticed Robin
  1833 | D:2      | Slain by an orc

Vault maps used:
D:1:      dpeg_arrival_simpleton_b
D:2:      gammafunk_pakellas_spire_experiment, minmay_misc_feat_secret_circle,
          grunt_ministairs_6, serial_bayou_pond_b, tgw_xom, uniq_robin

Skill      XL: |  1  2  3 |
---------------+----------+-----
Fighting       | 4 |  4.4
Armour         | |  0.4
Dodging        | |  3.8
Stealth        | |  2.0
Unarmed Combat | |  4.0

Action                   |  1- 3 |  4- 6 || total
-------------------------+-------+-------++-------
Melee: Unarmed           |   104 |    80 ||   184
       Punch             |     2 |     1 ||     3
  Use: Scroll            |     1 |     3 ||     4
       Potion            |       |     1 ||     1
 Stab: Sleeping          |     4 |       ||     4
  Eat: Chunk             |     1 |     2 ||     3
Armor: Robe              |     9 |       ||     9
       Ring mail         |    14 |    25 ||    39
Dodge: Dodged            |    54 |    46 ||   100
